 Dungeon Crawl Stone Soup version 0.29-a0-422-gafbd6decc1 (webtiles) character file.

Game seed: 3304423795845907085

67 spiderkeys the Skirmisher (level 4, -2/49 HPs)
             Began as an Ogre Abyssal Knight on May 19, 2022.
             Was a Priest of Lugonu.
             Slain by a worm (10 damage)
             ... on level 2 of the Dungeon.
             The game lasted 00:01:36 (1532 turns).

spiderkeys the Skirmisher (Ogre Abyssal Knight)     Turns: 1532, Time: 00:01:36

Health: -2/49      AC:  3    Str: 17    XL:     4   Next: 16%
Magic:  6/6        EV: 10    Int: 13    God:    Lugonu [***...]
Gold:   13         SH:  0    Dex:  9    Spells: 3/3 levels left

rFire   . . .      SeeInvis .   a - +1 spear
rCold   . . .      Faith    .   (no shield)
rNeg    . . .      Spirit   .   b - +0 robe
rPois   .          Reflect  .   (helmet restricted)
rElec   .          Harm     .   (no cloak)
rCorr   .          Rampage  .   (gloves unavailable)
Will    .....                   (boots unavailable)
Stlth   +.........              (no amulet)
HPRegen 0.16/turn               (no ring)
MPRegen 0.10/turn               (no ring)

@: no status effects
A: large, unfitting armour, tough skin 1
a: Renounce Religion, Depart the Abyss, Bend Space, Banish


You were on level 2 of the Dungeon.
You worshipped Lugonu.
Lugonu was most pleased with you.
You visited 1 branch of the dungeon, and saw 2 of its levels.
You visited the Abyss 1 time.

You collected 13 gold pieces.


Innate Abilities, Weirdness & Mutations

You are too large for most types of armour.
You have tough skin. (AC +1)


   Skills:
 + Level 4.7 Fighting
 + Level 2.7 Polearms
 + Level 2.7 Dodging
 + Level 2.8 Invocations


You had 3 spell levels left.
You didn't know any spells.
Your spell library was empty.

Inventory:

Hand Weapons
 a - a +1 spear (weapon)
Missiles
 d - 3 large rocks {=f}
 e - 25 stones
 f - 8 poisoned darts
Armour
 b - a +0 robe (worn)
Jewellery
 C - a ring of ice
   (You found it on level 1 of the Dungeon)
 G - an amulet of guardian spirit
   (You found it on level 1 of the Dungeon)
Scrolls
 c - 3 scrolls of identify {unknown}
Potions
 g - a potion of cancellation {unknown}
 h - 2 potions of curing {unknown}
 i - 2 potions of brilliance {unknown}

Dungeon Overview and Level Annotations

Branches:
Dungeon (2/15)

Altars:

Annotations:
D:1 Terence

###### #.....
#.....# #......
#.....†#####
#......w@..##
#.....####..# ####
#.... ##.## ##..##
#... #..## ###....
#.. ##..####....#
#. ##.........# #
#....##..#.#
.......##....##.###
########...........


You could see a worm.


Message History

You now have 5 gold pieces (gained 4).
A ball python comes into view.
The ball python hisses angrily.
You reach to attack!
You closely miss the ball python. You barely miss the ball python.
The ball python closely misses you.
You barely miss the ball python.
The ball python bites you but does no damage.
You hit the ball python.
You kill the ball python!
Lugonu accepts your kill.
No target in view!
No target in view!
No target in view!
You now have 13 gold pieces (gained 8).
You see here a ball python corpse.
You see here a +0 tower shield.
Key pressed, stopping explore.
You see here a +0 tower shield.
Key pressed, stopping explore.
A bat and a hobgoblin come into view.
You reach to attack!
You puncture the hobgoblin!
You kill the hobgoblin!
Lugonu accepts your kill.
You hit the bat.
You kill the bat!
Lugonu accepts your kill.
No target in view!
No target in view!
No target in view!
No target in view!
An adder and a worm come into view.
The adder hisses angrily.
You see here a hobgoblin corpse.
There are monsters nearby!
There are monsters nearby!
A worm comes into view.
You closely miss the adder. The adder closely misses you.
You hit the adder. The adder barely misses you. The adder bites you. 😕 HP[-1]
You take 1 damage, and now have 39/40 hp.
You hit the adder. The adder bites you but does no damage.
You closely miss the adder. The adder bites you. 😕 HP[-2]
You take 2 damage, and now have 37/40 hp.
You closely miss the adder. The adder bites you but does no damage.
You puncture the adder!
You kill the adder!
Lugonu accepts your kill.
You have reached level 4! 😕 HP[+9] MP[+1]
You now have 49 max hp (+9).
You regained 9 hp, and now have 46/49 hp.
Your mp is fully restored (6).
You see here a hobgoblin corpse.
You see here a hobgoblin corpse. 😕 HP[+1]
You reach to attack!
You hit the worm. You puncture the worm! You hit the worm.
The worm bites you. 😕 HP[-5]
You take 5 damage, and now have 42/49 hp.
You hit the worm but do no damage. You hit the worm.
The worm bites you but does no damage.
You hit the worm. You barely miss the worm. The worm bites you! 😮 HP[-8]
You take 8 damage, and now have 34/49 hp.
You barely miss the worm. The worm barely misses you.
You barely miss the worm. You puncture the worm!
You kill the worm!
Lugonu accepts your kill.
You hit the worm. You hit the worm. The worm completely misses you.
You completely miss the worm. 😮 HP[+1]
You hit the worm but do no damage. The worm bites you! 😮 HP[-7]
You take 7 damage, and now have 28/49 hp.
You completely miss the worm. The worm bites you.
* * * LOW HITPOINT WARNING * * *
😨 HP[-6]
You take 6 damage, and now have 22/49 hp.
You hit the worm but do no damage. You hit the worm. The worm bites you!
* * * LOW HITPOINT WARNING * * *
😨 HP[-9]
You take 9 damage, and now have 13/49 hp.
You barely miss the worm. You hit the worm. The worm bites you.
* * * LOW HITPOINT WARNING * * *
😱 HP[-4]
You take 4 damage, and now have 9/49 hp.
You hit the worm. The worm bites you.
* * * LOW HITPOINT WARNING * * *
😱 HP[-1]
You take 1 damage, and now have 8/49 hp.
You barely miss the worm. You hit the worm. The worm bites you!
You die...

Action                   |  1- 3 |  4- 6 || total
-------------------------+-------+-------++-------
Melee: Spear             |   113 |    22 ||   135
       Punch             |     2 |       ||     2
Invok: Bend Space        |     1 |       ||     1
 Stab: Sleeping          |     2 |       ||     2
Armor: Robe              |    23 |     1 ||    24
Dodge: Dodged            |    36 |     2 ||    38

Levels and vault maps discovered:
D:1:      shiori_arrival_whats_in_store_for_you, layout_basic,
          hellmonk_ecumenical_altar_lost_god
D:2:      layout_rooms, uniq_crazy_yiuf_cottage, uniq_terence

Notes
Turn   | Place    | Note
-------+----------+-------------------------------------------
     0 | Abyss:1  | spiderkeys the Ogre Abyssal Knight began the quest for the
                  | Orb.
     0 | Abyss:1  | Reached XP level 1. HP: 24/24 MP: 2/2
     0 | Abyss:1  | magus.rc [v1.11.3]
     9 | D:1      | You pass through the gate.
     9 | D:1      | Escaped the Abyss
     9 | D:1      | Noticed a dwarf
    11 | D:1      | Noticed a demigod
    17 | D:1      | Noticed a draconian
    19 | D:1      | Noticed a demonspawn zombie
    27 | D:1      | Noticed a naga
    27 | D:1      | Noticed an ogre
    29 | D:1      | Noticed a troll
   154 | D:1      | Reached XP level 2. HP: 28/32 MP: 3/3
   857 | D:1      | Found a faded altar of an unknown god.
   947 | D:1      | Reached XP level 3. HP: 40/40 MP: 4/4
  1212 | D:2      | Noticed Terence
  1217 | D:2      | Reached *** piety under Lugonu
  1508 | D:2      | Reached XP level 4. HP: 46/49 MP: 6/6
  1529 | D:2      | HP: 9/49 [worm (4)]
  1532 | D:2      | Slain by a worm

Vanquished Creatures
  2 adders (D:2)
  A worm (D:2)
  5 dart slugs
  A ball python (D:2)
  2 bats
  3 endoplasms (D:1)
  2 giant cockroaches (D:1)
  5 goblins
  5 hobgoblins
  2 kobolds (D:2)
  2 quokkas (D:1)
  A frilled lizard (D:1)
  3 rats (D:1)
34 creatures vanquished.

Table legend:
 A = Non-vault XP
 B = Vault XP
 C = Vault XP percentage of total XP
 D = Non-vault monster count
 E = Vault monster count
 F = Vault count percentage of total count
                 A         B        C        D         E       F
            +---------+---------+-------+---------+---------+-------
      Total |      96 |       0 |   0.0 |      34 |       0 |   0.0
            +---------+---------+-------+---------+---------+-------
        D:1 |      52 |       0 |   0.0 |      24 |       0 |   0.0
        D:2 |      44 |       0 |   0.0 |      10 |       0 |   0.0
            +---------+---------+-------+---------+---------+-------

Illustrated notes

Table legend:
 A = Kills in this place as a percentage of kills in entire the game.
 B = Kills by you in this place as a percentage of kills by you in the entire game.
 C = Kills by friends in this place as a percentage of kills by friends in the entire game.
 D = Other kills in this place as a percentage of other kills in the entire game.
 E = Experience gained in this place as a percentage of experience gained in the entire game.
 F = Experience gained in this place divided by the number of levels of this place that you have seen.
                   A       B       C       D       E      F
               +-------+-------+-------+-------+-------+----------------------
         Total | 100.0 | 100.0 |   N/A |   N/A | 100.0 |  32.0
       Dungeon | 100.0 | 100.0 |   N/A |   N/A | 100.0 |  48.0
               +-------+-------+-------+-------+-------+----------------------

Table legend: (Time is in decaauts)
 A = Elapsed time spent in this place.
 B = Non-inter-level travel time spent in this place.
 C = Inter-level travel time spent in this place.
 D = Time resting spent in this place.
 E = Time spent auto-exploring this place.
 F = Levels seen in this place.
 G = Mean time per level.
                   A        B        C        D        E       F      G
               +--------+--------+--------+--------+--------+-----+--------+
         Total |   1529 |   1505 |     24 |      0 |   1195 |   3 |  509.7 |
       Dungeon |   1520 |   1496 |     24 |      0 |   1193 |   2 |  760.0 |
         Abyss |      9 |      9 |      0 |      0 |      2 |   1 |    9.0 |
               +--------+--------+--------+--------+--------+-----+--------+

Top non-repeatable levels by time:
     D:1: 1268 daAuts
     D:2: 251 daAuts
 Abyss:1: 9 daAuts
